 Dungeon Crawl Stone Soup version 0.17-a0-2220-g6fea741 (webtiles) character file.

54 radek the Conjurer (level 3, -4/19 HPs)
             Began as a Deep Elf Conjurer on Oct 28, 2015.
             Killed by divine providence
             ... invoked by an orc priest
              (9 damage)
             ... on level 3 of the Dungeon.
             The game lasted 00:04:32 (1662 turns).

radek the Conjurer (Deep Elf Conjurer)              Turns: 1662, Time: 00:04:33

Health: -4/19      AC:  3    Str:  6    XL:     3   Next: 66%
Magic:  8/9        EV: 13    Int: 19    God:
Gold:   125        SH:  0    Dex: 15    Spells: 1 memorised, 7 levels left

rFire  . . .     SeeInvis .     k - +0 short sword
rCold  . . .     Clarity  .     a - +0 robe
rNeg   . . .     SustAt   .     (no shield)
rPois  .         Gourm    .     f - +0 helmet
rElec  .         Spirit   .     (no cloak)
rCorr  .         Warding  .     (no gloves)
rMut   .         Stasis   .     (no boots)
MR     .....                    (no amulet)
Stlth  ++........               (no ring)
                                (no ring)

@: not resistant to hostile enchantments, unstealthy
A: no striking features
a: no special abilities


You were on level 3 of the Dungeon.
You were not hungry.

You visited 1 branch of the dungeon, and saw 3 of its levels.

You collected 125 gold pieces.

Inventory:

Hand Weapons
 i - a +0 short sword
 k - a +0 short sword (weapon)
Armour
 a - a +0 robe (worn)
 f - a +0 helmet (worn)
Scrolls
 d - 2 scrolls of fog {unknown}
 e - a scroll of recharging {unknown}
 g - a scroll of blinking {unknown}
 h - 2 scrolls of teleportation {unknown}
 j - 6 scrolls of identify {unknown}
 l - 2 scrolls of enchant armour {unknown}
 m - a scroll of remove curse {unknown}
Potions
 n - a potion of agility {unknown}
 q - a potion of brilliance {unknown}
 r - 2 potions of heal wounds {unknown}
 s - a potion of resistance {unknown}
Books
 b - a book of Conjurations

   Spells                             Type                      Level
   a - Magic Dart                     Conjuration                  1
   b - Searing Ray                    Conjuration                  2
   c - Dazzling Spray                 Conjuration/Hexes            3
   d - Fulminant Prism                Conjuration/Hexes            4
   e - Iskenderun's Mystic Blast      Conjuration                  4
   f - Iskenderun's Battlesphere      Conjuration/Charms           5
Comestibles
 c - 2 bread rations
 p - 2 meat rations


   Skills:
 - Level 2.4 Dodging
 - Level 2.4 Stealth
 - Level 3.0 Spellcasting
 + Level 5.9 Conjurations


You had 7 spell levels left.
You knew the following spells:

 Your Spells              Type           Power        Failure   Level  Hunger
a - Magic Dart            Conj           ####         1%          1    None


Dungeon Overview and Level Annotations

Branches:
Dungeon (3/15)

Altars:
Dithmenos
Qazlal


Message History

Found an escape hatch in the floor.
There is an escape hatch in the floor here.
You open the door.
There is an open door here.
An orc priest comes into view. It is wielding a club.
Casting: Magic Dart
Confirm with . or Enter, or press ? or * to list all spells.
Aiming: Magic Dart
Press: ? - help, Shift-Dir - straight line, f - orc priest
Aim: an orc priest, wielding a club and wearing a leather armour (hasn't noticed you)
The magic dart hits the orc priest.
The orc priest shouts!
The orc priest mumbles some strange prayers to Beogh against you.
Something smites you!
Ouch! That really hurt!
* * * LOW HITPOINT WARNING * * *
There is an open door here.
The orc priest mumbles some strange prayers to Beogh against you.
Something smites you!
You die...

#...........#.>.#.#
+....#..........#.## ##
#o...####..........#
...#.............######
.......#####...#.#
.........#.....#.#
.........'.....#.#
###......#.###.#.###
########.@.#.#...#
###>#####.# #.......#
#########


You could see an orc priest.

Vanquished Creatures
  An adder (D:2)
  4 bats
  3 giant cockroaches
  3 goblins (D:2)
  4 hobgoblins (D:1)
  7 jackals (D:1)
  10 kobolds
  2 giant geckos (D:3)
  4 giant newts
  5 rats (D:1)
43 creatures vanquished.

Notes
Turn   | Place    | Note
--------------------------------------------------------------
     0 | D:1      | radek the Deep Elf Conjurer began the quest for the Orb.
     0 | D:1      | Reached XP level 1. HP: 10/10 MP: 6/6
   250 | D:1      | Reached XP level 2. HP: 15/15 MP: 1/8
   332 | D:1      | Reached skill level 5 in Conjurations
   617 | D:1      | Reached XP level 3. HP: 19/19 MP: 1/9
  1374 | D:2      | Found a stormy altar of Qazlal.
  1550 | D:3      | Found a shadowy altar of Dithmenos.
  1662 | D:3      | Killed from afar by an orc priest

Vault maps used:
D:1:      zaba_arrival_water, dk_noncrumbling_4
D:2:      nicolae_qazlal_eye_of_the_storm
D:3:      kennysheep_the_goblin_king, grunt_dithmenos_smoke_and_mirrors

Action                   || total
-------------------------++-------
 Cast: Magic Dart        ||    76
  Eat: Chunk             ||     2
